 Dungeon Crawl Stone Soup version 0.21-b1-21-g86478ac299 (webtiles) character file.

60 Rrauwl the Chopper (level 3, -3/49 HPs)
             Began as a Minotaur Berserker on Jan 5, 2018.
             Was a Believer of Trog.
             Slain by an ogre
             ... wielding a +0 giant club
              (15 damage)
             ... on level 3 of the Dungeon.
             The game lasted 00:03:34 (1279 turns).

Rrauwl the Chopper (Minotaur Berserker)             Turns: 1279, Time: 00:03:34

Health: -3/49      AC:  2    Str: 26    XL:     3   Next: 82%
Magic:  2/2        EV: 12    Int:  5    God:    Trog [**....]
Gold:   126        SH:  0    Dex:  9    Spells: 2/2 levels left

rFire    . . .     SeeInvis .   a - +0 hand axe
rCold    . . .     Gourm    .   (no shield)
rNeg     . . .     Faith    .   b - +0 animal skin
rPois    .         Spirit   .   (helmet restricted)
rElec    .         Reflect  .   (no cloak)
rCorr    .         Harm     .   (no gloves)
MR       .....                  (no boots)
Stlth    ..........             (no amulet)
HPRegen  0.16/turn              (no ring)
MPRegen  0.08/turn              (no ring)

@: berserking, very quick
A: retaliatory headbutt, horns 2
a: Berserk, Trog's Hand, Burn Spellbooks, Renounce Religion


You were on level 3 of the Dungeon.
You worshipped Trog.
Trog was pleased with you.
You were not hungry.

You visited 1 branch of the dungeon, and saw 3 of its levels.

You collected 126 gold pieces.

Inventory:

Hand Weapons
 a - a +0 hand axe (weapon)
Missiles
 k - a throwing net (quivered)
Armour
 b - a +0 animal skin (worn)
Magical Staves
 j - an uncursed staff of energy
Scrolls
 d - 5 scrolls of identify {unknown}
 e - 2 scrolls of teleportation {unknown}
Potions
 f - 2 potions of curing {unknown}
 g - a potion of berserk rage {unknown}
 h - a potion of degeneration {unknown}
 i - a potion of mutation {unknown}
Comestibles
 c - 2 rations
 l - 3 chunks of flesh


   Skills:
 - Level 4.0 Fighting
 + Level 5.2 Axes
 - Level 3.0 Armour
 - Level 2.1 Dodging


You had 2 spell levels left.
You didn't know any spells.

Dungeon Overview and Level Annotations

Branches:
Dungeon (3/15)

Altars:


Innate Abilities, Weirdness & Mutations

You reflexively headbutt those who attack you in melee.
You have a pair of horns on your head.


Message History

You hit the hobgoblin but do no damage.
The hobgoblin is almost dead.
The hobgoblin misses you. You furiously retaliate!
You headbutt the hobgoblin!
You kill the hobgoblin!
Trog accepts your kill.
A red film seems to cover your vision as you go berserk!
You feel yourself moving faster!
You feel mighty!
You feel a lot more hungry.
You barely miss the ogre. The ogre hits you with a giant club!
You slash the ogre!
The ogre is moderately wounded.
You hit the ogre. You headbutt the ogre.
The ogre is heavily wounded.
The ogre hits you with a giant club!
* * * LOW HITPOINT WARNING * * *
You barely miss the ogre. You headbutt the ogre!
The ogre is severely wounded.
You barely miss the ogre. You headbutt the ogre.
The ogre is almost dead.
The ogre hits you with a giant club!
You die...

# #...# #...... #.#...#
#...... #.#...##
#...... #......###
#######.o?...
..####......#
........oo.o.
........)...#
...$......o..
..###.......#
.......######
#...<.....# ....O..
#....##.....@###.......
#..# ###...#O.........
## #####.###+#<### ...#
#####


You could see an ogre.

Vanquished Creatures
  A dart slug (D:1)
  A leopard gecko (D:2)
  4 bats
  3 giant cockroaches
  5 goblins
  8 hobgoblins
  11 jackals
  5 kobolds
  6 frilled lizards
  7 rats
51 creatures vanquished.

Notes
Turn   | Place    | Note
-------+----------+-------------------------------------------
     0 | D:1      | Rrauwl the Minotaur Berserker began the quest for the Orb.
     0 | D:1      | Reached XP level 1. HP: 19/19 MP: 0/0
   179 | D:1      | Reached XP level 2. HP: 14/27 MP: 1/1
   236 | D:1      | Reached skill level 4 in Axes
   295 | D:1      | Reached ** piety under Trog
   586 | D:1      | Reached XP level 3. HP: 31/33 MP: 2/2
   765 | D:2      | Reached skill level 5 in Axes
  1173 | D:3      | Noticed an ogre
  1279 | D:3      | Slain by an ogre

Skill      XL: |  1  2  3 |
---------------+----------+-----
Axes           | 4 5 |  5.2
Fighting       | 4 |  4.0
Armour         | 3 |  3.0
Dodging        | |  2.1

Action                   || total
-------------------------++-------
Melee: Hand axe          ||    91
       Headbutt          ||    12
Invok: Berserk           ||     1
  Eat: Ration            ||     1
Armor: Animal skin       ||    15
Dodge: Dodged            ||    68
